 Dungeon Crawl Stone Soup version 0.27-a0-597-g524d869a0f (webtiles) character file.

Game seed: 9748056354653880969

144 pokeman the Magician (level 5, -1/29 HPs)
             Began as a Deep Elf Hedge Wizard on Mar 11, 2021.
             Slain by an orc (5 damage)
             ... on level 3 of the Dungeon.
             The game lasted 00:05:01 (2280 turns).

pokeman the Magician (Deep Elf Hedge Wizard)        Turns: 2280, Time: 00:05:02

Health: -1/29      AC:  3    Str:  7    XL:     5   Next: 5%
Magic:  7/15       EV: 12    Int: 20    God:
Gold:   74         SH:  0    Dex: 14    Spells: 5/16 levels left

rFire    . . .     SeeInvis .   j - +0 dagger (venom)
rCold    . . .     Faith    .   (no shield)
rNeg     . . .     Spirit   .   e - +0 leather armour
rPois    .         Reflect  .   c - +0 hat
rElec    .         Harm     .   (no cloak)
rCorr    .         Rampage  .   (no gloves)
Will     .....                  (no boots)
Stlth    ++........             (no amulet)
HPRegen  0.09/turn              (no ring)
MPRegen  0.14/turn              (no ring)

@: no status effects
A: no striking features
a: no special abilities


You were on level 3 of the Dungeon.
You visited 1 branch of the dungeon, and saw 3 of its levels.

You collected 74 gold pieces.

Inventory:

Hand Weapons
 j - a +0 dagger of venom (weapon)
Missiles
 a - 9 arrows
Armour
 c - a +0 hat (worn)
 e - a +0 leather armour (worn)
Scrolls
 b - a scroll of noise {unknown}
 d - 3 scrolls of identify {unknown}
 h - a scroll of enchant weapon {unknown}
 k - a scroll of fear {unknown}
 l - a scroll of fog {unknown}
Potions
 f - a potion of ambrosia {unknown}
 g - a potion of mutation {unknown}
 i - a potion of degeneration {unknown}


   Skills:
 - Level 1.0 Fighting
 - Level 1.0 Armour
 + Level 3.0 Dodging
 - Level 2.4 Stealth
 * Level 6.1 Spellcasting
 + Level 2.4 Conjurations
 - Level 1.1 Summonings
 - Level 1.1 Translocations
 - Level 1.0 Fire Magic
 + Level 0.2 Air Magic


You had 5 spell levels left.
You knew the following spells:

 Your Spells              Type           Power      Damage    Failure   Level
a - Magic Dart            Conj           64%        1d6       5%          1
b - Mephitic Cloud        Conj/Pois/Air  9%         N/A       30%         3
c - Call Imp              Summ           10%        N/A       14%         2
d - Blink                 Tloc           N/A        N/A       14%         2
e - Conjure Flame         Conj/Fire      13%        6-21      22%         3

Your spell library contained the following spells:

 Spells                   Type           Power      Damage    Failure   Level
 Slow                     Hex            6%         N/A       22%         2
 Gell's Gravitas          Tloc           5%         N/A       28%         3
 Confusing Touch          Hex            6%         N/A       41%         3
 Petrify                  Tmut/Erth      6%         N/A       83%         4
 Metabolic Englaciation   Hex/Ice        3%         N/A       99%         5
 Yara's Violent Unravell  Hex/Tmut       3%         3d4       99%         5


Dungeon Overview and Level Annotations

Branches:
Dungeon (3/15)

Altars:


Message History

Casting: Mephitic Cloud (extremely dangerous; 30% risk of failure)
Confirm with . or Enter, or press ? or * to list all spells.
Aiming: Magic Dart (safe; 5% risk of failure)
Press: ? - help, Shift-Dir - straight line, f - orc
Aim: an orc, wielding a +0 mace (0% to evade)
The magic dart hits the orc.
The orc is almost dead.
The leopard gecko bites the orc but does no damage.
Casting: Magic Dart (safe; 5% risk of failure)
Confirm with . or Enter, or press ? or * to list all spells.
Aiming: Magic Dart (safe; 5% risk of failure)
Press: ? - help, Shift-Dir - straight line, f/p - orc
Aim: an orc, wielding a +0 mace (severely wounded, 0% to evade)
The magic dart hits the orc.
You kill the orc!
Unknown command.
Casting: Magic Dart (safe; 5% risk of failure)
Confirm with . or Enter, or press ? or * to list all spells.
Aiming: Magic Dart (safe; 5% risk of failure)
Press: ? - help, Shift-Dir - straight line, f - rat
Aim: a rat (0% to evade)
The magic dart hits the rat.
You kill the rat!
The orc barely misses you.
Unknown command.
You closely miss the orc. The orc barely misses you.
The giant cockroach bites the orc.
The orc shouts!
You hit the orc but do no damage.
The leopard gecko bites the orc.
The orc barely misses you.
An adder comes into view.
The adder hisses angrily.
You hit the orc but do no damage.
The orc is poisoned.
The orc hits you but does no damage.
The giant cockroach closely misses the adder.
Found a red potion.
You closely miss the orc. The orc barely misses you.
Your leather armour prevents you from hitting the orc.
The orc hits you.
You die...

. # .. #. ...#.##
......!
........####
.....)..@o.#
..>.....##w#
.....#.###)####
.........wo..# . #
#$..###.##.# ...
#$..###<##.###..(.
#...<.†SB.....w...
##..##†...........
............##o....


You could see a worm and an orc (very poisoned).

Vanquished Creatures
  2 adders
  4 gnolls
  An ooze (D:1)
  2 worms (D:2)
  3 dart slugs (D:1)
  3 leopard geckos
  An orc (D:3)
  A giant cockroach (D:1)
  6 hobgoblins
  9 jackals
  2 kobolds (D:1)
  5 bats
  4 frilled lizards
  8 goblins
  9 rats
60 creatures vanquished.

Vanquished Creatures (collateral kills)
  A gnoll (D:2)
  A dart slug (D:2)
  A hobgoblin (D:2)
  A quokka (D:2)
4 creatures vanquished.

Vanquished Creatures (others)
  A plant (D:3)
1 creature vanquished.

Grand Total: 65 creatures vanquished

Notes
Turn   | Place    | Note
-------+----------+-------------------------------------------
     0 | D:1      | pokeman the Deep Elf Hedge Wizard began the quest for the
                  | Orb.
     0 | D:1      | Reached XP level 1. HP: 10/10 MP: 7/7
   249 | D:1      | Reached XP level 2. HP: 16/16 MP: 4/9
   431 | D:1      | Reached skill level 5 in Spellcasting
   789 | D:1      | Reached XP level 3. HP: 20/20 MP: 4/11
   793 | D:1      | Learned a level 3 spell: Mephitic Cloud
   796 | D:1      | Learned a level 2 spell: Call Imp
   799 | D:1      | Learned a level 2 spell: Blink
   803 | D:1      | Learned a level 3 spell: Conjure Flame
  1333 | D:2      | Reached skill level 1 in Fighting
  1416 | D:2      | Reached skill level 1 in Armour
  1526 | D:2      | Reached XP level 4. HP: 25/25 MP: 6/13
  1921 | D:2      | Reached skill level 1 in Fire Magic
  2108 | D:2      | Reached skill level 6 in Spellcasting
  2250 | D:3      | Reached XP level 5. HP: 11/29 MP: 13/15
  2280 | D:3      | Slain by an orc

Illustrated notes

Levels and vault maps discovered:
D:1:      dpeg_arrival_erosion, layout_rooms
D:2:      layout_rooms, kennysheep_generic_room_10
D:3:      corexii_shack_village, layout_loops_ring,
          chequers_temple_overflow_statue_of_worship

Skill      XL: |  1  2  3  4 |
---------------+-------------+-----
Spellcasting   | 5 6 |  6.1
Fighting       | 1 |  1.0
Armour         | 1 |  1.0
Conjurations   | 2 |  2.4
Fire Magic     | 1 |  1.0
Dodging        | 3 |  3.0
Stealth        | |  2.4
Summonings     | |  1.1
Translocations | |  1.1
Air Magic      | |  0.2

Action                   |  1- 3 |  4- 6 || total
-------------------------+-------+-------++-------
Melee: Dagger            |    16 |    37 ||    53
 Cast: Magic Dart        |    96 |    23 ||   119
       Mephitic Cloud    |       |     4 ||     4
       Call Imp          |       |     1 ||     1
       Blink             |       |     1 ||     1
 Stab: Confused          |       |     3 ||     3
Armor: Leather armour    |     4 |    18 ||    22
Dodge: Dodged            |    17 |    43 ||    60

Table legend: (Time is in decaauts)
 A = Elapsed time spent in this place.
 B = Non-inter-level travel time spent in this place.
 C = Inter-level travel time spent in this place.
 D = Time resting spent in this place.
 E = Time spent auto-exploring this place.
 F = Levels seen in this place.
 G = Mean time per level.
                   A        B        C        D        E       F      G
               +--------+--------+--------+--------+--------+-----+--------+
         Total |   2279 |   2261 |     18 |      9 |   1908 |   3 |  759.7 |
       Dungeon |   2279 |   2261 |     18 |      9 |   1908 |   3 |  759.7 |
               +--------+--------+--------+--------+--------+-----+--------+

Top non-repeatable levels by time:
     D:1: 1280 daAuts
     D:2: 942 daAuts
     D:3: 56 daAuts
